3A
HAMMOND HERONS @ YORK REVOLUTION
08/02/2027
 
TOP OF THE 1ST
Hammond Herons batting - Pitching for York Revolution : RHP Jack Mason
Pitching: RHP Jack Mason
Batting: RHB Héctor Rivera 0-0: Ball
1-0: Ball
2-0: Foul Ball, location: 2F
2-1: Called Strike
2-2: SINGLE (Flyball, 8LS)
Batting: LHB Wilson López 0-0: Ball
Héctor Rivera steals 2nd base
1-0: Fly out, F9 (Flyball, 9)
Batting: LHB Alexis Raimbault 0-0: Called Strike
0-1: Ball
1-1: Fly out, F8 (Line Drive, 8LM)
Batting: RHB Fernando Martínez 0-0: Foul Ball, location: 2F
0-1: Ball
1-1: Ball
2-1: Ball
3-1: Base on Balls
Batting: LHB Marcos Costa 0-0: Hit by Pitch
Héctor Rivera to third
Fernando Martínez to second
Batting: RHB David Meléndez 0-0: Ground out 5-3 (Groundball, 5S)
Top of the 1st over - 0 run(s), 1 hit(s), 0 error(s), 3 left on base; Hammond 0 - York 0
BOTTOM OF THE 1ST
York Revolution batting - Pitching for Hammond Herons : RHP Gregory Bahena
Pitching: RHP Gregory Bahena
Batting: RHB Domingo Bravo 0-0: SINGLE (Line Drive, 89S)
Batting: RHB Terry Cheadle 0-0: Ball
1-0: Called Strike
1-1: Ball
2-1: Called Strike
2-2: Strikes out looking
Batting: RHB Griffin Woodfinlevine 0-0: Foul Ball, location: 2F
0-1: Fly out, F6 (Line Drive, 6D)
Batting: RHB Sherwood Lefebvre 0-0: Called Strike
0-1: Ball
1-1: Called Strike
1-2: Foul Ball, location: 2F
1-2: Fielders Choice at 2nd, 5-4 (Groundball, 5)
Bottom of the 1st over - 0 run(s), 1 hit(s), 0 error(s), 0 left on base; Hammond 0 - York 0
TOP OF THE 2ND
Hammond Herons batting - Pitching for York Revolution : RHP Jack Mason
Batting: RHB Éric Leroux 0-0: Called Strike
0-1: Ball
1-1: Foul Ball, location: 2F
1-2: Ball
2-2: Ball
3-2: SINGLE (Groundball, 6MD)
Batting: RHB José Chávez 0-0: Called Strike
0-1: Ball
1-1: Foul Ball, location: 2F
1-2: Strikes out swinging
Batting: RHB Gomez Talone 0-0: Ball
1-0: Ground out 6-3 (Groundball, 6MD)
Éric Leroux to second
Batting: RHB Héctor Rivera 0-0: Ball
1-0: Ball
2-0: Ball
3-0: Called Strike
3-1: Foul Ball, location: 2F
3-2: Fly out, F8 (Flyball, 8LXD)
Top of the 2nd over - 0 run(s), 1 hit(s), 0 error(s), 1 left on base; Hammond 0 - York 0
BOTTOM OF THE 2ND
York Revolution batting - Pitching for Hammond Herons : RHP Gregory Bahena
Batting: RHB Obi Jones 0-0: Ball
1-0: Swinging Strike
1-1: Foul Ball, location: 2F
1-2: Ground out 4-3 (Groundball, 4)
Batting: RHB Ernesto Deleón 0-0: Ground out 6-3 (Groundball, 6)
Batting: LHB Chip Garner 0-0: Ball
1-0: Ball
2-0: Ball
3-0: Called Strike
3-1: Foul Ball, location: 2F
3-2: Foul Ball, location: 2F
3-2: Fly out, F8 (Flyball, 8RM)
Bottom of the 2nd over - 0 run(s), 0 hit(s), 0 error(s), 0 left on base; Hammond 0 - York 0
TOP OF THE 3RD
Hammond Herons batting - Pitching for York Revolution : RHP Jack Mason
Batting: LHB Wilson López 0-0: Called Strike
0-1: Ball
1-1: Ball
2-1: Ball
3-1: Base on Balls
Batting: LHB Alexis Raimbault 0-0: Called Strike
0-1: Ball
1-1: Ball
2-1: Ball
3-1: Grounds into double play, 4-6-3 (Groundball, 4)
Batting: RHB Fernando Martínez 0-0: Called Strike
0-1: Called Strike
0-2: Ball
1-2: Fly out, F9 (Flyball, 9D)
Top of the 3rd over - 0 run(s), 0 hit(s), 0 error(s), 0 left on base; Hammond 0 - York 0
BOTTOM OF THE 3RD
York Revolution batting - Pitching for Hammond Herons : RHP Gregory Bahena
Batting: RHB Donald Perry 0-0: Ball
1-0: Ball
2-0: Ball
3-0: Called Strike
3-1: Foul Ball, location: 2F
3-2: Base on Balls
Batting: RHB Jorge Barrón 0-0: Foul Ball, location: 2F
0-1: Ball
Wild Pitch!
Donald Perry to second
1-1: Ball
2-1: Ball
3-1: Foul Ball, location: 2F
3-2: Base on Balls
Batting: RHB Domingo Bravo 0-0: Ball
1-0: Foul Ball, location: 2F
1-1: Ground out 4-3 (Groundball, 4MD)
Donald Perry to third
Jorge Barrón to second
Batting: RHB Terry Cheadle 0-0: Ball
1-0: Ball
2-0: Called Strike
2-1: Ball
3-1: Swinging Strike
3-2: Foul Ball, location: 2F
3-2: Foul Ball, location: 2F
3-2: Foul Ball, location: 2F
3-2: SINGLE (Line Drive, 34)
Donald Perry scores
Jorge Barrón to third
Batting: RHB Griffin Woodfinlevine Pickoff Throw to First - Error! E1
Jorge Barrón scores
Terry Cheadle to second
0-0: SINGLE (Groundball, 4D)
Terry Cheadle to third
Runner from 3rd tries for Home, SAFE, no throw
Batting: RHB Sherwood Lefebvre 0-0: Swinging Strike
0-1: Called Strike
0-2: Ball
1-2: Foul Ball, location: 2F
1-2: Strikes out swinging
Batting: RHB Obi Jones 0-0: Ball
1-0: Foul Ball, location: 2F
1-1: Fly out, F4 (Popup, 4D)
Bottom of the 3rd over - 3 run(s), 2 hit(s), 1 error(s), 1 left on base; Hammond 0 - York 3
TOP OF THE 4TH
Hammond Herons batting - Pitching for York Revolution : RHP Jack Mason
Batting: LHB Marcos Costa 0-0: Ball
1-0: Ball
2-0: SINGLE (Line Drive, 6D)
Batting: RHB David Meléndez 0-0: Grounds into double play, 6-4-3 (Groundball, 6)
Batting: RHB Éric Leroux 0-0: Called Strike
0-1: Ball
1-1: Foul Ball, location: 2F
1-2: Foul Ball, location: 2F
1-2: Foul Ball, location: 2F
1-2: Foul Ball, location: 2F
1-2: Ball
2-2: Ball
3-2: Fly out, F6 (Line Drive, 56)
Top of the 4th over - 0 run(s), 1 hit(s), 0 error(s), 0 left on base; Hammond 0 - York 3
BOTTOM OF THE 4TH
York Revolution batting - Pitching for Hammond Herons : RHP Gregory Bahena
Batting: RHB Ernesto Deleón 0-0: Called Strike
0-1: Called Strike
0-2: Ball
1-2: SINGLE (Groundball, 4MD)
Batting: LHB Chip Garner 0-0: Foul Ball, location: 2F
0-1: Ball
1-1: Swinging Strike
1-2: Strikes out swinging
Batting: RHB Donald Perry 0-0: Called Strike
0-1: Ball
1-1: Ball
2-1: Foul Ball, location: 2F
2-2: Fly out, F9 (Flyball, 9)
Batting: RHB Jorge Barrón 0-0: Ball
1-0: Fielders Choice at 2nd, 6-4 (Groundball, 6)
Bottom of the 4th over - 0 run(s), 1 hit(s), 0 error(s), 0 left on base; Hammond 0 - York 3
TOP OF THE 5TH
Hammond Herons batting - Pitching for York Revolution : RHP Jack Mason
Batting: RHB José Chávez 0-0: Ball
1-0: Called Strike
1-1: Foul Ball, location: 2F
1-2: Ball
2-2: Foul Ball, location: 2F
2-2: Foul Ball, location: 2F
2-2: Strikes out swinging
Batting: RHB Gomez Talone 0-0: Ball
1-0: Called Strike
1-1: Ball
2-1: Foul Ball, location: 2F
2-2: Fly out, F8 (Flyball, 89M)
Batting: RHB Héctor Rivera 0-0: Called Strike
0-1: Foul Ball, location: 2F
0-2: Foul Ball, location: 2F
0-2: Ball
1-2: Ball
2-2: Ball
3-2: Reached on error, E5 (Groundball, 56)
Batting: LHB Wilson López 0-0: Called Strike
0-1: Ball
1-1: Ball
2-1: Foul Ball, location: 2F
2-2: Foul Ball, location: 2F
2-2: Strikes out swinging
Top of the 5th over - 0 run(s), 0 hit(s), 1 error(s), 1 left on base; Hammond 0 - York 3
BOTTOM OF THE 5TH
York Revolution batting - Pitching for Hammond Herons : RHP Gregory Bahena
Batting: RHB Domingo Bravo 0-0: Ground out 4-3 (Groundball, 4)
Batting: RHB Terry Cheadle 0-0: Foul Ball, location: 2F
0-1: Ball
1-1: Swinging Strike
1-2: Foul Ball, location: 2F
1-2: Ball
2-2: Strikes out swinging
Batting: RHB Griffin Woodfinlevine 0-0: Foul Ball, location: 2F
0-1: Ball
1-1: Ball
2-1: Foul Ball, location: 2F
2-2: Ground out 6-3 (Groundball, 6)
Bottom of the 5th over - 0 run(s), 0 hit(s), 0 error(s), 0 left on base; Hammond 0 - York 3
TOP OF THE 6TH
Hammond Herons batting - Pitching for York Revolution : RHP Jack Mason
Batting: LHB Alexis Raimbault 0-0: Ball
1-0: Called Strike
1-1: Ball
2-1: Ball
3-1: Fly out, F9 (Flyball, 9)
Batting: RHB Fernando Martínez 0-0: Foul Ball, location: 2F
0-1: Called Strike
0-2: Ball
1-2: Ball
2-2: Strikes out swinging
Batting: LHB Marcos Costa 0-0: Swinging Strike
0-1: Called Strike
0-2: Ball
1-2: Ball
2-2: Strikes out swinging
Top of the 6th over - 0 run(s), 0 hit(s), 0 error(s), 0 left on base; Hammond 0 - York 3
BOTTOM OF THE 6TH
York Revolution batting - Pitching for Hammond Herons : RHP Gregory Bahena
Batting: RHB Sherwood Lefebvre 0-0: Called Strike
0-1: Foul Ball, location: 2F
0-2: Ground out 6-3 (Groundball, 6)
Batting: RHB Obi Jones 0-0: Foul Ball, location: 2F
0-1: Swinging Strike
0-2: Foul Ball, location: 2F
0-2: Strikes out looking
Batting: RHB Ernesto Deleón 0-0: Ball
1-0: Ground out 6-3 (Groundball, 6)
Bottom of the 6th over - 0 run(s), 0 hit(s), 0 error(s), 0 left on base; Hammond 0 - York 3
TOP OF THE 7TH
Hammond Herons batting - Pitching for York Revolution : RHP Jack Mason
Pitching: RHP Orlando Téllez
Batting: RHB David Meléndez 0-0: Ball
1-0: Called Strike
1-1: Ground out 4-3 (Groundball, 4)
Batting: RHB Éric Leroux 0-0: Called Strike
0-1: Foul Ball, location: 2F
0-2: Foul Ball, location: 2F
0-2: Ball
1-2: Foul Ball, location: 2F
1-2: Foul Ball, location: 2F
1-2: Ball
2-2: Ground out 6-3 (Groundball, 6M)
Batting: RHB José Chávez 0-0: Swinging Strike
0-1: SINGLE (Groundball, 34D)
Batting: RHB Gomez Talone 0-0: Called Strike
0-1: Called Strike
0-2: Ball
1-2: Fly out, F5 (Popup, 5S)
Top of the 7th over - 0 run(s), 1 hit(s), 0 error(s), 1 left on base; Hammond 0 - York 3
BOTTOM OF THE 7TH
York Revolution batting - Pitching for Hammond Herons : RHP Gregory Bahena
Batting: LHB Chip Garner 0-0: SINGLE (Groundball, 4S) (infield hit)
Batting: RHB Donald Perry 0-0: Bunted foul
0-1: Bunted foul
0-2: Fly out, F5 (Popup, 5S)
Batting: RHB Jorge Barrón 0-0: Ball
Wild Pitch!
Chip Garner to second
1-0: Fly out, F8 (Flyball, 8LM)
Batting: RHB Domingo Bravo 0-0: Ball
1-0: Ball
Passed Ball!
Chip Garner to third
2-0: Ball
3-0: Base on Balls
Pitching: RHP Herman Guevera
Batting: RHB Terry Cheadle 0-0: Foul Ball, location: 2F
0-1: Ball
1-1: Swinging Strike
1-2: Ball
Domingo Bravo steals 2nd base
2-2: Foul Ball, location: 2F
2-2: Strikes out swinging
Bottom of the 7th over - 0 run(s), 1 hit(s), 0 error(s), 2 left on base; Hammond 0 - York 3
TOP OF THE 8TH
Hammond Herons batting - Pitching for York Revolution : RHP Orlando Téllez
Batting: RHB Héctor Rivera 0-0: Called Strike
0-1: Ball
1-1: Foul Ball, location: 2F
1-2: Ball
2-2: Fly out, F7 (Line Drive, 7)
Batting: LHB Wilson López 0-0: Called Strike
0-1: Called Strike
0-2: Strikes out swinging
Batting: LHB Alexis Raimbault 0-0: Ball
1-0: Ball
2-0: Foul Ball, location: 2F
2-1: Swinging Strike
2-2: Foul Ball, location: 2F
2-2: Foul Ball, location: 2F
2-2: Strikes out looking
Top of the 8th over - 0 run(s), 0 hit(s), 0 error(s), 0 left on base; Hammond 0 - York 3
BOTTOM OF THE 8TH
York Revolution batting - Pitching for Hammond Herons : RHP Herman Guevera
Batting: RHB Griffin Woodfinlevine 0-0: Ball
1-0: Ball
2-0: Called Strike
2-1: Swinging Strike
2-2: Ball
3-2: Strikes out swinging
Batting: RHB Sherwood Lefebvre 0-0: Ball
1-0: Ball
2-0: Foul Ball, location: 2F
2-1: Ground out 5-3 (Groundball, 56S)
Batting: RHB Obi Jones 0-0: Ball
1-0: Ball
2-0: Ball
3-0: Called Strike
3-1: Foul Ball, location: 2F
3-2: Base on Balls
Batting: RHB Ernesto Deleón 0-0: Called Strike
0-1: Foul Ball, location: 2F
0-2: Ball
1-2: Strikes out swinging
Bottom of the 8th over - 0 run(s), 0 hit(s), 0 error(s), 1 left on base; Hammond 0 - York 3
TOP OF THE 9TH
Hammond Herons batting - Pitching for York Revolution : RHP Orlando Téllez
Pitching: RHP Edward Ayers
Batting: RHB Fernando Martínez 0-0: Ball
1-0: Ball
2-0: Ball
3-0: Called Strike
3-1: Base on Balls
Batting: LHB Marcos Costa 0-0: Swinging Strike
0-1: Ball
1-1: Called Strike
1-2: Strikes out swinging
Batting: RHB David Meléndez 0-0: Called Strike
0-1: Swinging Strike
0-2: Foul Ball, location: 2F
0-2: Strikes out swinging
Batting: RHB Éric Leroux 0-0: Ball
1-0: SINGLE (Line Drive, 9LS)
Fernando Martínez to second
Runner from 2nd tries for 3rd, SAFE, no throw
Pinch Runner at 3rd Mark Frisby:
Pinch Hitting: RHB Carlos González 0-0: Ball
1-0: Foul Ball, location: 2F
1-1: Called Strike
1-2: Foul Ball, location: 2F
1-2: Ball
2-2: Foul Ball, location: 2F
2-2: Foul Ball, location: 2F
2-2: SINGLE (Line Drive, 7S)
Mark Frisby scores
Éric Leroux to second
Pinch Hitting: RHB Adrian Kezer 0-0: Ball
1-0: Fly out, F9 (Flyball, 89S)
Top of the 9th over - 1 run(s), 2 hit(s), 0 error(s), 2 left on base; Hammond 1 - York 3
Saturday, May 26th, 2018 - OOTP Baseball 17.12 Build 75